 Dungeon Crawl Stone Soup version 0.29.1-1-gd02db6906a (webtiles) character file.

Game seed: 15608482449660625146

535662 Lutefisk the Rock Star (level 27, 0/297 (306) HPs)
             Began as a Meteoran Earth Elementalist on Oct 16, 2022.
             Was the Champion of Hepliaklqana.
             Slain by Gloorx Vloq (18 damage)
             ... in Pandemonium.
             The game lasted 05:04:41 (18650 turns).

Lutefisk the Rock Star (MeEE)                      Turns: 18650, Time: 05:04:42

HP:   0/297 (306)   AC: 33    Str: 16    XL:     27
MP:   11/44         EV:  2    Int: 34    God:    Hepliaklqana [******]
Gold: 5363          SH: 17    Dex: 25    Spells: 4/58 levels left

rFire   + + +      SeeInvis .   h - staff of earth
rCold   + + .      Faith    .   j - +0 kite shield
rNeg    . . .      Spirit   .   (body armour currently unavailable)
rPois   +          Reflect  .   (helmet currently unavailable)
rElec   +          Harm     .   (cloak currently unavailable)
rCorr   +          Rampage  .   (gloves currently unavailable)
Will    ++++.      NoTele   +   (boots currently unavailable)
Stlth   +.........              N - amulet of Vutyblil {Fragile +Inv rElec rF+++ Regen+}
HPRegen 1.39/turn               B - ring "Ybbuoxecw" {rC++ Str+4 Int+2 Dex+6}
MPRegen 0.29/turn               R - ring "Loba" {Will+ rCorr Int+5}

@: lethally poisoned (0 -> -24), tree-form, slowed, glowing, lightly drained,
very slow
A: stationary, stasis, torment immunity, boosted hp, reduced essence, sense
surroundings 3, otherworldly, glowing, explore regen
}: 5/15 runes: decaying, serpentine, slimy, silver, abyssal
a: Renounce Religion, Evoke Invisibility, Recall Ancestor, Ancestor Identity,
Transference, Idealise


You were in Pandemonium.
You worshipped Hepliaklqana.
Hepliaklqana was exalted by your worship.
You were a tree.
You visited 11 branches of the dungeon, and saw 52 of its levels.
You visited Pandemonium 1 time, and saw 1 of its levels.
You visited the Abyss 1 time.
You also visited: Ossuary and Bailey.

You collected 7571 gold pieces.
You spent 2208 gold pieces at shops.

Inventory:

Hand Weapons
 F - a +4 eudemon blade of holy wrath
 W - the +6 long sword of Untruth {venom, rF+ rN+ Int+4 Stlth-}
   (You found it on level 5 of the Vaults)

   It poisons the flesh of those it strikes.
   Int:       It affects your intelligence (+4).
   rF:        It protects you from fire.
   rN:        It protects you from negative energy.
   Stlth:     It makes you less stealthy.
Missiles
 c - 19 curare-tipped darts (quivered)
 w - 2 throwing nets
Armour
 j - a +0 kite shield (worn)
 k - the +3 pair of boots of the Blessed Realm (melded) {Harm Stlth+}
   (You bought it in a shop on level 2 of the Orcish Mines)

   Harm:      It increases damage dealt and taken.
   Stlth:     It makes you more stealthy.
 l - a +1 cloak (melded)
 p - the +4 Cigotuvi's embrace (melded) {rMiasma Drain rN+}
   (You found it on level 3 of the Elven Halls)

   It gathers nearby corpses to temporarily increase the armour it provides.
   It protects you from foul pestilence.
   rN:        It protects you from negative energy.
   Drain:     It drains your maximum health when unequipped.
 v - +0 swamp dragon scales
 y - the +1 pair of gloves of the Monkey (melded) {Will++}
   (You found it on level 5 of the Pits of Slime)

   Will:      It greatly increases your willpower.
 O - the +4 ice dragon scales of Bopseefo {rF- rC++ rCorr Dex+2}
   (You found it on level 3 of the Elven Halls)

   Dex:       It affects your dexterity (+2).
   rF:        It makes you vulnerable to fire.
   rC:        It greatly protects you from cold.
   rCorr:     It protects you from acid and corrosion.
 V - a +2 helmet (melded)
Magical Staves
 h - a staff of earth (weapon)
Jewellery
 i - a +4 ring of evasion
 z - a ring of see invisible
 B - the ring "Ybbuoxecw" (left branch) {rC++ Str+4 Int+2 Dex+6}
   (You found it on level 3 of the Elven Halls)

   [ring of dexterity]

   Str:       It affects your strength (+4).
   Int:       It affects your intelligence (+2).
   Dex:       It affects your dexterity (+6).
   rC:        It greatly protects you from cold.
 N - the amulet of Vutyblil (around neck) {Fragile +Inv rElec rF+++ Regen+}
   (You bought it in a shop on level 3 of the Snake Pit)

   [amulet of regeneration]

   rF:        It renders you almost immune to fire.
   rElec:     It insulates you from electricity.
   +Inv:      It lets you turn invisible.
   Regen:     It increases your rate of health regeneration.
   Fragile:   It will be destroyed if unequipped.
 R - the ring "Loba" (right branch) {Will+ rCorr Int+5}
   (You found it on level 3 of the Elven Halls)

   [ring of resist corrosion]

   Int:       It affects your intelligence (+5).
   rCorr:     It protects you from acid and corrosion.
   Will:      It increases your willpower.
 U - the amulet of Ceul {-Cast rElec rN+++ Will++ Regen+ Str-5}
   (You found it on level 3 of the Elven Halls)

   [amulet of regeneration]

   Str:       It affects your strength (-5).
   rElec:     It insulates you from electricity.
   rN:        It renders you almost immune to negative energy.
   -Cast:     It prevents spellcasting.
   Regen:     It increases your rate of health regeneration.
   Will:      It greatly increases your willpower.
Wands
 e - a wand of digging (6)
 s - a wand of iceblast (37)
Scrolls
 a - 12 scrolls of teleportation
 d - 4 scrolls of enchant armour
 n - a scroll of summoning
 q - 13 scrolls of poison
 r - 6 scrolls of butterflies
 A - 5 scrolls of torment
 C - 8 scrolls of immolation
 D - 6 scrolls of fear
 E - 6 scrolls of enchant weapon
 K - 6 scrolls of silence
 L - 6 scrolls of vulnerability
 M - 3 scrolls of blinking
 Y - 4 scrolls of magic mapping
Potions
 b - 2 potions of magic
 f - 3 potions of heal wounds
 g - 15 potions of curing
 m - 2 potions of flight
 o - 12 potions of haste
 u - 2 potions of attraction
 G - 8 potions of brilliance
 I - 11 potions of might
 J - 15 potions of lignification
 P - 8 potions of mutation
 Q - 4 potions of cancellation
 T - 3 potions of ambrosia
 X - 5 potions of resistance
Miscellaneous
 t - a box of beasts
 x - a lightning rod (4/4)
 H - a phantom mirror (inert)
 S - a condenser vane
 Z - a phial of floods


   Skills:
 - Level 15.0 Fighting
 - Level 10.0 Staves
 - Level 15.0 Armour
 - Level 20.0 Dodging
 - Level 1.4 Stealth
 * Level 19.6 Shields
 - Level 16.0 Spellcasting
 - Level 18.0 Conjurations
 - Level 2.0 Summonings
 - Level 4.0 Necromancy
 - Level 1.0 Translocations
 - Level 2.0 Transmutations
 - Level 5.0 Ice Magic
 - Level 6.0 Air Magic
 O Level 27 Earth Magic
 - Level 6.0 Invocations
 - Level 6.0 Evocations


You had 4 spell levels left.
You knew the following spells:

 Your Spells              Type           Power      Damage    Failure   Level
a - Sandblast             Erth           100%       2d20      0%          1
b - Passwall              Tmut/Erth      93%        N/A       0%          2
c - Stone Arrow           Conj/Erth      100%       3d13      0%          3
d - Petrify               Tmut/Erth      100%       N/A       1%          4
e - Lee's Rapid Deconstr  Erth           71%        3d33*     0%          5
f - Freezing Cloud        Conj/Ice/Air   37%        6-21      1%          5
g - Leda's Liquefaction   Hex/Erth       54%        N/A       1%          4
h - Blink                 Tloc           68%        N/A       1%          2
i - Borgnjor's Vile Clut  Necr/Erth      57%        N/A       1%          5
j - Lehudib's Crystal Sp  Conj/Erth      66%        10d15     1%          8
k - Summon Lightning Spi  Summ/Air       53%        N/A       3%          4
l - Shatter               Erth           71%        3d52*     3%          9
m - Sublimation of Blood  Necr           53%        N/A       1%          2

Your spell library contained the following spells:

 Spells                   Type           Power      Damage    Failure   Level
 Magic Dart               Conj           100%       1d8       0%          1
 Searing Ray              Conj           100%       2d8       0%          2
 Freeze                   Ice            100%       1d11      1%          1
 Necrotise                Necr           100%       1d9       1%          1
 Sting                    Tmut/Pois      100%       1d8       1%          1
 Summon Small Mammal      Summ           100%       N/A       1%          1
 Call Imp                 Summ           40%        N/A       1%          2
 Poisonous Vapours        Pois/Air       94%        N/A       1%          2
 Static Discharge         Conj/Air       83%        3-14/arc  1%          2
 Wereblood                Tmut           40%        N/A       1%          2
 Frozen Ramparts          Ice            100%       1d16      1%          3
 Mephitic Cloud           Conj/Pois/Air  69%        N/A       1%          3
 Ozocubu's Armour         Ice            57%        N/A       1%          3
 Vampiric Draining        Necr           53%        2d9       1%          3
 Airstrike                Air            30%        2d(5-21)  1%          4
 Animate Armour           Summ/Erth      100%       N/A       1%          4
 Fulminant Prism          Conj/Hex       36%        3d18      1%          4
 Hailstorm                Conj/Ice       81%        3d16      1%          4
 Iskenderun's Mystic Bla  Conj/Tloc      75%        2d15      1%          4
 Sticky Flame             Conj/Fire      73%        2d9       1%          4
 Call Canine Familiar     Summ           40%        N/A       2%          3
 Animate Dead             Necr           53%        N/A       3%          4
 Gell's Gravitas          Tloc           34%        N/A       4%          3
 Lesser Beckoning         Tloc           34%        N/A       4%          3
 Portal Projectile        Hex/Tloc       60%        N/A       4%          3
 Summon Guardian Golem    Hex/Summ       34%        N/A       4%          3
 Teleport Other           Tloc           34%        N/A       4%          3
 Summon Ice Beast         Ice/Summ       50%        N/A       4%          4
 Corpse Rot               Necr/Pois/Air  49%        N/A       5%          4
 Confusing Touch          Hex            27%        N/A       6%          3
 Olgreb's Toxic Radiance  Pois           27%        N/A       21%         4
 Iskenderun's Battlesphe  Conj           99%        2d15      1%          5
 Lightning Bolt           Conj/Air       41%        1d60      1%          5
 Iron Shot                Conj/Erth      66%        9d12      1%          6
 Conjure Ball Lightning   Conj/Air       41%        3x3d13    2%          6
 Agony                    Necr           53%        N/A       11%         5
 Metabolic Englaciation   Hex/Ice        22%        N/A       21%         5
 Spellforged Servitor     Conj/Summ      38%        N/A       28%         7
 Alistair's Intoxication  Tmut/Pois      22%        N/A       36%         5
 Manifold Assault         Tloc           34%        N/A       36%         5
 Summon Mana Viper        Hex/Summ       34%        N/A       36%         5
 Yara's Violent Unravell  Hex/Tmut       17%        3d8       36%         5
 Simulacrum               Ice/Necr       27%        N/A       43%         6
 Death Channel            Necr           26%        N/A       52%         6
 Dispersal                Tloc           17%        N/A       90%         6
 Eringya's Noxious Bog    Tmut/Pois      17%        N/A       90%         6
 Ozocubu's Refrigeration  Ice            28%        4d13      91%         7
 Storm Form               Tmut/Air       26%        N/A       97%         7
 Dragon Form              Tmut           20%        N/A       100%        7
 Enfeeble                 Hex            13%        N/A       100%        7
 Summon Hydra             Summ           20%        N/A       100%        7
 Discord                  Hex            13%        N/A       100%        8
 Disjunction              Tloc           17%        N/A       100%        8
 Maxwell's Capacitive Co  Air            30%        ∞         100%        8
 Chain Lightning          Conj/Air       41%        3d55      100%        9
 Dragon's Call            Summ           20%        N/A       100%        9
 Polar Vortex             Ice            28%        N/A       100%        9


Dungeon Overview and Level Annotations

Branches:
Dungeon (15/15) Zot: 3434  Temple (1/1) D:4 Zot: 501    Lair (5/5) D:11 Zot: 1112
  Swamp (4/4) Lair:2 Zot: 532   Snake (4/4) Lair:3 Zot: 353   Slime (5/5) Lair:5 Zot: 2654
    Orc (2/2) D:9 Zot: 428     Elf (3/3) Orc:2 Zot: 365  Vaults (5/5) D:13 Zot: 370
  Crypt (0/3) Vaults:2     Depths (4/4) D:15 Zot: 1458     Zot (4/5) Depths:4 Zot: 1887
Ossuary (visited)          Bailey (visited)

Altars:
Ashenzari
Cheibriados
Dithmenos
Fedhas
Gozag
Hepliaklqana
Kikubaaqudgha
Makhleb
Nemelex Xobeh
Qazlal
Ru
Sif Muna
Trog
Vehumet
Wu Jian
Xom
Yredelemnul
Zin
The Shining One
Jiyva

Shops:
D:8 *   D:9 =   D:11 *   Orc:2 =*[(*   Snake:2 ::   Snake:3 :=:

Portals:
Hell: Depths:1 Depths:3
Abyss: Depths:3 Depths:4
Pandemonium: Depths:2

Annotations:
D:13 3 runed translucent doors, Buchaag's ghost, novice MiMo; Kiokkeho's ghost, journeyman TrMo; Mallanif's ghost, journeyman GnTm
Lair:1 exclusion: oklob plant
Orc:1 1 transporter
Elf:2 3 runed translucent doors
Pan Gloorx Vloq


Innate Abilities, Weirdness & Mutations

You are a tree.
Your roots penetrate the ground, keeping you stationary.
You cannot be teleported.
You are immune to unholy pain and torment.
Your maximum health is greatly increased.
Your equipment is partially melded.
Your life essence is reduced to manifest your ancestor. (-10% HP)
You passively map a large area around you.
You are easily found by Zot.
You glow in the dark.
You regain HP and MP as you explore.


Message History

You feel very sick.
You hear a chilling moan.
Gloorx Vloq gestures at you. The foul vapour engulfs you!!
You are more poisoned.
* * * LOW HITPOINT WARNING * * *
Gloorx Vloq hits you!
* * * LOW HITPOINT WARNING * * *
Unknown command.
Unknown command.
Okay, then.
You feel much better.
You are engulfed in dark miasma.
You feel yourself slow down.
* * * LOW HITPOINT WARNING * * *
You feel extremely sick. Gloorx Vloq hits you.
* * * LOW HITPOINT WARNING * * *
You block Gloorx Vloq's attack.
You feel much better.
You are engulfed in dark miasma.
* * * LOW HITPOINT WARNING * * *
You feel extremely sick.
Gloorx Vloq hits you but does no damage.
Gloorx Vloq gestures at you. The poison arrow hits you!!
You are more poisoned.
You partially resist.
* * * LOW HITPOINT WARNING * * *
The soul eater hits you but does no damage.
Gloorx Vloq gestures at you. The foul vapour engulfs you.
You are more poisoned.
You feel as though you will be slow longer.
* * * LOW HITPOINT WARNING * * *
You block the soul eater's attack.
You feel much better.
You are engulfed in dark miasma.
You feel as though you will be slow longer.
* * * LOW HITPOINT WARNING * * *
x2 You feel extremely sick.
Gloorx Vloq hits you!!
You die...

* ##############* *
#....°3&......**** *
###...°°♣°3.....,,,**** *
###......°3#...#..,,,,,,*** *
###........#°#,..#****,,,,,,* *
##.....#......#§,.#,*,****,,,, *
##....###...*.#.,,,.#,*,*,***,,
*##.#.###...|..#,#,,,*.#,*,*,****
##...##**.#..,#,*,,,,,*.*,*,*,***
#.#.#.#*,*...*,*,*,,,*,*,*,*,*,**
#..#..#**,*,*,*,*,,,,,*,*,*,*,***


You could see Gloorx Vloq and 3 soul eaters.

Vanquished Creatures
  the Royal Jelly (Slime:5)
  2 dread liches
  Mara (Snake:4)
  An ancient lich (Vaults:5)
  Mennas (Vaults:2)
  Sojobo (Vaults:4)
  A caustic shrike (Depths:1)
  Vashnia (Snake:2)
  A curse toe (Zot:4)
  Saint Roka (Orc:2)
  Xtahua (Vaults:2)
  A golden dragon (Zot:3)
  Nikola (Snake:4)
  A bone dragon (Depths:4)
  A walking crystal tome (Depths:3)
  6 tentacled monstrosities
  A deep elf master archer (Elf:3)
  2 deep elf blademasters (Elf:3)
  8 Executioners (Pan)
  11 acid blobs
  5 quicksilver dragons
  A walking frostbound tome (Depths:3)
  3 titans (Vaults:5)
  3 sphinxes
  A shadow dragon (Vaults:5)
  Agnes (Elf:1)
  5 storm dragons
  4 tentacled starspawn (Abyss:3)
  4 tengu reavers
  2 thorn hunters (Swamp:4)
  5 azure jellies (Slime:5)
  2 draconian monks
  12 fire giants
  8 rockslimes
  Donald (Elf:1)
  A draconian knight (Zot:3)
  4 nagarajas
  10 deep elf sorcerers
  2 frost giants
  9 vault wardens
  A curse skull (Pan)
  Aizul (Swamp:1)
  2 draconian scorchers (Zot:2)
  A cacodemon (Abyss:3)
  An orc warlord (Vaults:1)
  A balrug (Abyss:3)
  A hydra zombie (Swamp:4)
  4 draconian shifters
  5 draconian stormcallers
  4 ironbound preservers
  7 very ugly things
  A spriggan defender (Depths:3)
  2 draconian annihilators (Zot:1)
  6 quicksilver oozes (Slime:5)
  2 deep elf elementalists (Elf:3)
  11 stone giants
  3 vampire knights
  2 eleionomae
  2 black draconians (Zot:2)
  2 red draconians
  3 ironbound thunderhulks
  4 deep elf annihilators
  2 green draconians
  7 deep elf demonologists (Elf:3)
  2 entropy weavers (Abyss:3)
  A yellow draconian (Zot:1)
  3 dire elephants (Vaults:1)
  A white draconian (Abyss:3)
  Azrael (D:13)
  4 purple draconians
  3 bunyips
  2 eidola (Vaults:2)
  16 ettins
  A crystal guardian (Abyss:3)
  A shambling mangrove (Swamp:4)
  A merfolk javelineer (Abyss:3)
  3 fire dragons
  10 deep elf high priests
  2 deep elf death magi
  An elf skeleton (Pan)
  3 salamander tyrants
  3 yaktaur captains
  4 great orbs of eyes
  3 rakshasas
  4 ice dragons
  14 hydras
  26 vault guards
  A quicksilver dragon skeleton (Pan)
  2 ghost crabs (Swamp:4)
  3 spriggan air magi (Depths:1)
  A death knight (D:13)
  An ogre mage (Vaults:5)
  A satyr (Abyss:3)
  3 ironbound frosthearts
  11 anacondas
  3 boulder beetles
  A merfolk avatar (Lair:5)
  19 dancing weapons
  7 tengu warriors
  2 centaur warriors
  7 two-headed ogres
  2 deep troll earth magi (Depths:1)
  4 alligators
  13 naga warriors
  A thrashing horror (Abyss:3)
  5 death yaks (Lair:3)
  10 naga sharpshooters
  10 deep elf knights
  2 spriggan berserkers
  4 shock serpents
  3 soul eaters (Pan)
  An orc high priest (Orc:2)
  4 spriggans
  4 wretched stars (Abyss:3)
  2 shadow wraiths (Pan)
  An iron troll (Zot:3)
  3 goliath frogs
  2 glowing orange brains
  5 skeletal warriors
  A salamander mystic (Snake:4)
  4 swamp dragons (Swamp:4)
  4 flayed ghosts
  3 lindwurms
  3 spectral hydras (Swamp:4)
  18 deep trolls
  An ironbound convoker (Vaults:4)
  3 spriggan druids
  4 starcursed masses (Abyss:3)
  3 naga ritualists
  3 bog bodies (Swamp:2)
  3 sea snakes
  7 large abominations
  3 necromancers
  16 deep elf zephyrmancers
  3 phantasmal warriors
  3 orc knights
  2 wizards
  24 deep elf pyromancers
  8 deep elf archers
  A shining eye (Slime:2)
  3 oklob plants (Swamp:4)
  11 salamanders
  19 ugly things
  3 cyclopes
  2 mana vipers (Snake:4)
  3 orc sorcerers
  A cyclops (shapeshifter) (Depths:1)
  4 will-o-the-wisps
  A worldbinder (Abyss:3)
  7 guardian serpents
  3 manticores
  10 moths of wrath
  7 vault sentinels
  12 black mambas
  8 naga magi
  A rust devil (Abyss:3)
  A smoke demon (Abyss:3)
  An apocalypse crab (Abyss:3)
  13 elephants
  3 gargoyles
  3 cane toads
  An eye of devastation (Slime:1)
  6 komodo dragons
  2 freezing wraiths (Vaults:5)
  2 rime drakes (Lair:5)
  A kobold demonologist (D:13)
  A tengu conjurer (Depths:1)
  A tormentor (Abyss:3)
  4 efreet (Zot:3)
  2 unseen horrors
  16 yaktaurs
  6 ancient zymes (Abyss:3)
  5 trolls
  A queen bee (shapeshifter) (Elf:3)
  2 polar bears
  2 bloated husks (Swamp:3)
  4 hornets
  4 tyrant leeches
  33 slime creatures
  2 wind drakes (Lair:5)
  6 dream sheep
  A wind drake (shapeshifter) (D:15)
  A harpy skeleton (Pan)
  6 raiju
  A raiju (shapeshifter) (Elf:3)
  13 blink frogs
  A centaur simulacrum (D:13)
  A jumping spider (shapeshifter) (Elf:1)
  3 air elementals
  36 yaks
  4 shadows
  3 small abominations (Abyss:3)
  2 yaks (shapeshifter)
  A wyvern (Lair:5)
  2 ynoxinuls (Abyss:3)
  2 golden eyes (Slime:5)
  A neqoxec (Abyss:3)
  3 vampire mosquitoes (Swamp:3)
  2 basilisks
  A chaos spawn (Abyss:3)
  3 steam dragons
  5 fire elementals
  19 nagas
  11 water moccasins
  10 swamp worms
  A swamp worm (shapeshifter) (Vaults:5)
  2 hydra simulacra (Swamp:4)
  A floating eye (Slime:5)
  4 hell hounds (D:13)
  24 orc warriors
  A sky beast (D:8)
  3 swamp drakes (Swamp:4)
  A swamp dragon zombie (Swamp:4)
  2 ogres
  6 centaurs
  2 wolves (Lair:4)
  A swamp dragon skeleton (Swamp:4)
  6 kobold brigands
  A phantom (D:7)
  Blork the orc (D:4)
  7 bullfrogs
  A necrophage (D:6)
  3 gnoll sergeants
  3 scorpions
  11 wights
  11 killer bees
  A howler monkey (D:8)
  2 vampire bats (D:4)
  An electric eel (Lair:3)
  A crimson imp (D:4)
  A centaur zombie (Ossuary)
  15 orc priests
  5 hounds
  An iron imp (Abyss:3)
  3 jellies (D:6)
  5 iguanas
  16 orc wizards
  6 mummies (Ossuary)
  15 gnolls
  3 adders
  3 white imps
  2 ufetubi (D:6)
  2 dart slugs (D:4)
  80 orcs
  3 bat skeletons (D:4)
  2 bat zombies (D:4)
  5 endoplasms
  4 giant cockroaches
  8 goblins
  10 hobgoblins
  7 jackals (D:1)
  2 quokkas
  6 ball pythons
  3 bats
  3 frilled lizards
  2 hobgoblin zombies (Ossuary)
  17 kobolds
  2 kobold zombies (Ossuary)
  3 orc zombies (Ossuary)
  3 rats
  3 briar patches (Swamp:3)
  A lurking horror (Abyss:3)
  2 starspawn tentacles (Abyss:3)
1255 creatures vanquished.

Vanquished Creatures (collateral kills)
  2 juggernauts
  2 golden dragons (Zot:3)
  An iron giant (Depths:3)
  A tentacled monstrosity (Vaults:5)
  A lich (Depths:1)
  4 titans (Vaults:5)
  A deep elf blademaster (Elf:3)
  4 acid blobs
  5 Executioners (Pan)
  A sphinx (Vaults:5)
  2 tengu reavers (Depths:1)
  2 thorn hunters
  A tentacled starspawn (Abyss:3)
  2 nagarajas
  3 storm dragons
  3 azure jellies (Slime:5)
  2 shadow dragons
  3 fire giants
  5 vault wardens
  2 iron dragons
  3 frost giants
  A deep elf elementalist (Elf:3)
  A curse skull (Pan)
  3 ironbound preservers
  A draconian stormcaller (Depths:4)
  A spriggan defender (Depths:3)
  6 very ugly things
  A quicksilver ooze (Slime:5)
  A green draconian (Zot:2)
  6 stone giants
  The ghost of Lutiheq the Grappler, a journeyman DrTm of Wu Jian (Lair:4)
  A deep elf demonologist (Elf:3)
  An ironbound thunderhulk (Vaults:4)
  3 eleionomae
  4 yellow draconians
  A vampire knight (Swamp:4)
  A purple draconian (Zot:4)
  A black draconian (Zot:1)
  6 ettins
  A deep elf death mage (Elf:3)
  5 vault guards
  A salamander tyrant (Snake:4)
  2 fire dragons (Depths:1)
  2 great orbs of eyes
  A rakshasa (Depths:1)
  2 ogre magi (Vaults:5)
  2 ironbound frosthearts
  4 hydras
  A boulder beetle (D:15)
  An ice dragon (shapeshifter) (Vaults:5)
  A spriggan air mage (Depths:1)
  3 ice dragons (Depths:1)
  2 anacondas (Snake:3)
  A spriggan skeleton (Pan)
  3 naga warriors
  3 two-headed ogres
  4 dancing weapons
  An alligator (Swamp:1)
  A death yak (Lair:3)
  A tengu warrior (Depths:1)
  An orc high priest (Orc:2)
  A shock serpent (Snake:4)
  2 spriggans
  4 deep elf knights
  A spriggan berserker (Depths:3)
  2 naga sharpshooters
  3 salamander mystics
  2 soul eaters (Pan)
  A goliath frog (Swamp:2)
  An iron troll (Zot:3)
  2 sea snakes
  3 deep trolls (Vaults:4)
  A spriggan druid (Swamp:2)
  A bog body (Swamp:2)
  A naga ritualist (Snake:4)
  3 lindwurms
  5 large abominations
  A swamp dragon (Swamp:3)
  A wizard (Vaults:2)
  5 mana vipers
  A harpy (Lair:5)
  2 ironbound convokers
  3 phantasmal warriors
  8 deep elf pyromancers
  A flayed ghost (Swamp:4)
  4 deep elf archers
  2 deep elf zephyrmancers (Elf:2)
  A shining eye (Slime:1)
  7 ugly things
  3 moths of wrath
  6 salamanders
  2 will-o-the-wisps
  6 elephants
  A guardian serpent (Abyss:3)
  17 black mambas
  3 vault sentinels
  3 eyes of devastation (Slime:5)
  3 smoke demons (Abyss:3)
  7 naga magi
  3 cane toads
  3 unseen horrors
  A rime drake (Lair:4)
  2 yaktaurs
  An efreet (D:13)
  2 freezing wraiths (Vaults:5)
  2 komodo dragons
  4 hornets
  A hydra zombie (Swamp:4)
  2 ancient zymes (Abyss:3)
  A troll (Zot:3)
  13 blink frogs
  3 raiju
  2 death drake skeletons (Swamp:4)
  A snapping turtle (Lair:5)
  4 tyrant leeches
  19 slime creatures
  3 dream sheep
  A flying skull (Abyss:3)
  16 yaks
  2 vampires
  3 wyverns (Lair:5)
  A hog (Lair:3)
  A fire elemental (D:13)
  A wraith (D:13)
  5 small abominations (Abyss:3)
  A redback (shapeshifter) (Vaults:5)
  A vampire mosquito (Swamp:3)
  A black mamba skeleton (Pan)
  2 chaos spawn (Abyss:3)
  8 swamp worms
  16 nagas
  A hydra simulacrum (Swamp:4)
  5 water moccasins
  2 swamp drakes (Swamp:4)
  An ogre (Orc:1)
  3 orc warriors
  2 wolves (Lair:4)
  A swamp dragon skeleton (Swamp:4)
  5 kobold brigands
  2 bullfrogs
  A gnoll sergeant (D:13)
  3 killer bees
  4 howler monkeys
  A gnoll bouda (Lair:5)
  An iguana (Lair:2)
  7 orc wizards
  3 gnolls
  A white imp (Abyss:3)
  31 orcs
  4 goblins (D:8)
  11 kobolds
  2 briar patches (Swamp:3)
470 creatures vanquished.

Vanquished Creatures (others)
  A frost giant (Zot:3)
  A troll (Zot:3)
  A naga (Snake:3)
  A wolf (Lair:4)
  A small abomination (Abyss:3)
  34 battlemagi
  8 foxfires
  10 fungi
  49 plants
  5 starspawn tentacles (Abyss:3)
111 creatures vanquished.

Grand Total: 1836 creatures vanquished

Notes
Turn   | Place    | Note
-------+----------+-------------------------------------------
     0 | D:1      | Lutefisk the Meteoran Earth Elementalist began the quest
                  | for the Orb.
     0 | D:1      | Reached XP level 1. HP: 14/14 MP: 5/5
    25 | D:1      | Reached XP level 2. HP: 13/22 MP: 0/6
    28 | D:1      | Reached skill level 1 in Fighting
    42 | D:1      | Reached skill level 4 in Earth Magic
   142 | D:1      | Reached XP level 3. HP: 29/29 MP: 6/8
   233 | D:1      | Reached skill level 1 in Staves
   301 | D:2      | Learned a level 2 spell: Passwall
   360 | D:2      | Found a faded altar of an unknown god.
   434 | D:2      | Learned a level 3 spell: Stone Arrow
   521 | D:2      | Reached XP level 4. HP: 36/37 MP: 4/9
   727 | D:3      | Found an ornate altar of the Wu Jian Council.
   750 | D:3      | Reached skill level 1 in Armour
   750 | D:3      | Reached skill level 1 in Evocations
   750 | D:3      | Reached XP level 5. HP: 23/42 MP: 4/10
   830 | D:4      | Reached XP level 6. HP: 35/51 MP: 5/12
   925 | D:4      | Noticed Blork the orc
   931 | D:4      | Killed Blork the orc
   934 | D:4      | Found a glowing golden altar of the Shining One.
   950 | D:4      | Reached skill level 5 in Earth Magic
   950 | D:4      | Reached XP level 7. HP: 21/57 MP: 5/14
  1043 | D:4      | Found a sand-covered staircase.
  1048 | Ossuary  | Entered an ossuary
  1110 | Ossuary  | Reached skill level 6 in Earth Magic
  1129 | Ossuary  | Reached skill level 5 in Fighting
  1158 | Ossuary  | Reached skill level 1 in Conjurations
  1158 | Ossuary  | Reached XP level 8. HP: 68/68 MP: 11/15
  1211 | Ossuary  | Learned a level 4 spell: Petrify
  1295 | D:5      | Entered Level 5 of the Dungeon
  1408 | D:4      | Found an ancient bone altar of Kikubaaqudgha.
  1432 | D:4      | Found a glowing silver altar of Zin.
  1433 | D:4      | Found Zin's Purification Station.
  1449 | D:4      | Bought a potion of curing for 90 gold pieces
  1514 | D:4      | Reached skill level 5 in Spellcasting
  1553 | D:4      | Found a staircase to the Ecumenical Temple.
  1562 | Temple   | Entered the Ecumenical Temple
  1647 | Temple   | Became a worshipper of Hepliaklqana the Forgotten
  1914 | D:6      | Found a basalt altar of Yredelemnul.
  1925 | D:6      | Reached skill level 1 in Invocations
  2052 | D:6      | Reached skill level 7 in Earth Magic
  2084 | D:6      | Gained mutation: You passively map the area around you.
                  | [Meteoran growth]
  2084 | D:6      | Reached XP level 9. HP: 58/75 MP: 12/17
  2156 | D:6      | Reached skill level 8 in Earth Magic
  2265 | D:7      | Reached * piety under Hepliaklqana
  2404 | D:7      | Reached XP level 10. HP: 77/77 MP: 5/18
  2533 | D:8      | Found a flagged portal.
  2544 | Bailey   | Entered a bailey
  2553 | Bailey   | Reached ** piety under Hepliaklqana
  2554 | Bailey   | Remembered your ancestor Citlalmina as a battlemage
  2558 | Bailey   | Reached skill level 9 in Earth Magic
  2588 | Bailey   | Identified the +1 robe of the Watchman {+Blink rElec rCorr
                  | Str+6}
  2596 | Bailey   | Reached skill level 10 in Earth Magic
  2603 | Bailey   | Found an iron altar of Okawaru.
  2658 | Bailey   | Learned a level 5 spell: Lee's Rapid Deconstruction
  2749 | D:8      | Found Fuegogil's Assorted Antiques.
  2758 | D:8      | Bought an embroidered cloak for 210 gold pieces
  2777 | D:8      | Identified the ring of Ignis's Scorn {Fire Will+}
  2802 | D:8      | Reached skill level 5 in Dodging
  2803 | D:8      | Reached skill level 5 in Armour
  3017 | D:9      | Found a staircase to the Orcish Mines.
  3098 | D:9      | Reached XP level 11. HP: 67/87 MP: 22/22
  3102 | D:9      | Reached *** piety under Hepliaklqana
  3105 | D:9      | Found a sacrificial altar of Ru.
  3284 | D:9      | Found Xeixec's Jewellery Emporium.
  3379 | D:10     | Entered Level 10 of the Dungeon
  3413 | D:10     | Noticed a two-headed ogre
  3415 | D:10     | Killed a two-headed ogre
  3423 | D:10     | Reached skill level 11 in Earth Magic
  3504 | D:10     | Reached **** piety under Hepliaklqana
  3532 | D:10     | Found a snail-covered altar of Cheibriados.
  3532 | D:10     | Found an opulent altar of Gozag.
  3538 | D:10     | Found a radiant altar of Vehumet.
  3542 | D:10     | Found a bloodstained altar of Trog.
  3720 | D:11     | Noticed a two-headed ogre
  3723 | D:11     | Killed a two-headed ogre
  3733 | D:11     | Found Kuenat's General Store.
  3750 | D:11     | Bought 2 scrolls of identify for 52 gold pieces
  3750 | D:11     | Bought a potion of curing for 39 gold pieces
  3756 | D:11     | Noticed a two-headed ogre
  3762 | D:11     | Killed a two-headed ogre
  3763 | D:11     | Reached skill level 10 in Fighting
  3769 | D:11     | Found a staircase to the Lair.
  3770 | D:11     | Noticed a fire dragon
  3792 | D:11     | Killed a fire dragon
  3907 | D:11     | Identified the +1 robe of the Untouchables {rElec Slay+4}
  3951 | D:11     | Reached XP level 12. HP: 89/95 MP: 25/25
  4025 | Lair:1   | Entered Level 1 of the Lair of Beasts
  4025 | Lair:1   | Noticed a seven-headed hydra
  4028 | Lair:1   | Killed a seven-headed hydra
  4029 | Lair:1   | Reached skill level 12 in Earth Magic
  4103 | Lair:1   | Noticed a seven-headed hydra
  4106 | Lair:1   | Killed a seven-headed hydra
  4163 | Lair:1   | Reached skill level 5 in Invocations
  4163 | Lair:1   | Reached skill level 5 in Evocations
  4297 | Lair:2   | Noticed a four-headed hydra
  4298 | Lair:2   | Reached skill level 10 in Spellcasting
  4302 | Lair:2   | Killed a four-headed hydra
  4305 | Lair:2   | Noticed a boulder beetle
  4314 | Lair:2   | Killed a boulder beetle
  4315 | Lair:2   | Reached XP level 13. HP: 58/101 MP: 8/28
  4380 | Lair:2   | Noticed a seven-headed hydra
  4383 | Lair:2   | Killed a seven-headed hydra
  4387 | Lair:2   | Found a staircase to the Swamp.
  4516 | Lair:3   | Noticed a death yak
  4516 | Lair:3   | Noticed a death yak
  4523 | Lair:3   | Reached skill level 10 in Armour
  4523 | Lair:3   | Reached skill level 10 in Dodging
  4523 | Lair:3   | Noticed a death yak
  4525 | Lair:3   | Noticed a death yak
  4525 | Lair:3   | Noticed a death yak
  4533 | Lair:3   | Noticed a death yak
  4553 | Lair:3   | Found a staircase to the Snake Pit.
  4553 | Lair:3   | Reached ***** piety under Hepliaklqana
  4555 | Lair:3   | Reached skill level 13 in Earth Magic
  4579 | Lair:3   | Killed a death yak
  4593 | Lair:4   | Noticed a seven-headed hydra
  4599 | Lair:4   | Killed a seven-headed hydra
  4600 | Lair:4   | Reached skill level 14 in Earth Magic
  4603 | Lair:4   | Reached skill level 5 in Conjurations
  4645 | Lair:4   | Reached XP level 14. HP: 69/108 MP: 1/29
  4826 | Lair:4   | Found a runed translucent door.
  4826 | Lair:4   | Noticed Lutiheq's ghost (journeyman DrTm)
  5099 | Orc:1    | Entered Level 1 of the Orcish Mines
  5143 | Orc:1    | Found a transporter.
  5170 | Orc:1    | Learned a level 5 spell: Freezing Cloud
  5200 | Orc:2    | Entered Level 2 of the Orcish Mines
  5254 | Orc:2    | Reached skill level 1 in Shields
  5297 | Orc:2    | Found a staircase to the Elven Halls.
  5322 | Orc:2    | Reached skill level 1 in Ice Magic
  5322 | Orc:2    | Reached skill level 1 in Air Magic
  5340 | Orc:2    | Noticed Saint Roka
  5405 | Orc:2    | Killed Saint Roka
  5428 | Orc:2    | Found Faschazi's Antique Weapon Boutique.
  5430 | Orc:2    | Found Efulod's Antique Armour Shop.
  5436 | Orc:2    | Bought a pair of translucent boots for 228 gold pieces
  5436 | Orc:2    | Identified the +3 pair of boots of the Blessed Realm {Harm
                  | Stlth+} (You bought it in a shop on level 2 of the Orcish
                  | Mines)
  5505 | Orc:2    | Found Yrhudysh's General Store.
  5519 | Orc:2    | Found Lihyn's General Store.
  5539 | Orc:2    | Bought a scroll of magic mapping for 112 gold pieces
  5539 | Orc:2    | Bought a scroll of teleportation for 45 gold pieces
  5727 | Orc:2    | Found Ceggouff's Jewellery Emporium.
  5743 | Orc:2    | Reached skill level 5 in Shields
  5743 | Orc:2    | Reached skill level 5 in Air Magic
  6076 | D:13     | Found a gate to the Vaults.
  6091 | D:13     | Learned a level 4 spell: Leda's Liquefaction
  6208 | D:14     | You fall into a shaft and drop 1 floor!
  6208 | D:15     | Entered Level 15 of the Dungeon
  6221 | D:15     | Reached XP level 15. HP: 104/116 MP: 4/30
  6258 | D:14     | Found a hazy altar of Hepliaklqana.
  6369 | D:14     | Reached skill level 10 in Conjurations
  6413 | D:14     | Found a broken altar of Ashenzari.
  6508 | D:13     | Noticed Azrael
  6517 | D:13     | Killed Azrael
  6518 | D:13     | Reached skill level 10 in Shields
  6782 | D:13     | Found a runed translucent gate.
  6782 | D:13     | Found a runed translucent gate.
  6782 | D:13     | Found a runed translucent gate.
  6784 | D:13     | Noticed Mallanif's ghost (journeyman GnTm)
  6784 | D:13     | Noticed Buchaag's ghost (novice MiMo)
  6785 | D:13     | Noticed Mallanif's ghost (journeyman GnTm)
  6785 | D:13     | Noticed Buchaag's ghost (novice MiMo)
  6785 | D:13     | Noticed Kiokkeho's ghost (journeyman TrMo)
  6851 | D:12     | Reached ****** piety under Hepliaklqana
  6992 | Swamp:1  | Entered Level 1 of the Swamp
  7039 | Swamp:1  | Noticed Aizul
  7163 | Swamp:1  | Killed Aizul
  7271 | Swamp:2  | Reached XP level 16. HP: 112/125 MP: 28/32
  7427 | Swamp:2  | Identified the +1 scale mail of Proximity {Will+ Str+2}
  7463 | Swamp:3  | Noticed a thorn hunter
  7469 | Swamp:3  | Killed a thorn hunter
  7507 | Swamp:3  | Learned a level 2 spell: Blink
  7516 | Swamp:3  | Reached skill level 1 in Translocations
  7662 | Swamp:4  | Entered Level 4 of the Swamp
  7680 | Swamp:4  | Learned a level 5 spell: Borgnjor's Vile Clutch
  7693 | Swamp:4  | Noticed a tentacled monstrosity
  7698 | Swamp:4  | Killed a tentacled monstrosity
  7699 | Swamp:4  | Reached skill level 1 in Necromancy
  7971 | Swamp:4  | Reached XP level 17. HP: 113/131 MP: 2/34
  8228 | Swamp:4  | Noticed a thorn hunter
  8256 | Swamp:4  | Noticed a thorn hunter
  8259 | Swamp:4  | Noticed a thorn hunter
  8261 | Swamp:4  | Killed a thorn hunter
  8262 | Swamp:4  | Killed a thorn hunter
  8265 | Swamp:4  | Killed a thorn hunter
  8278 | Swamp:4  | Found a blossoming altar of Fedhas.
  8285 | Swamp:4  | Found a basalt altar of Yredelemnul.
  8297 | Swamp:4  | Got a decaying rune of Zot
  8677 | Lair:3   | Reached skill level 15 in Dodging
  8838 | Lair:5   | Entered Level 5 of the Lair of Beasts
  9050 | Lair:5   | Found a viscous altar of Jiyva.
  9051 | Lair:5   | Found a staircase to the Slime Pits.
  9110 | Lair:5   | Gained mutation: You passively map a large area around you.
                  | [Meteoran growth]
  9110 | Lair:5   | Reached XP level 18. HP: 141/141 MP: 33/35
  9234 | Lair:4   | Killed Lutiheq's ghost
  9320 | Snake:1  | Entered Level 1 of the Snake Pit
  9554 | Snake:2  | Found Hius's Book Shoppe.
  9590 | Snake:2  | Noticed Vashnia
  9665 | Snake:2  | Reached skill level 5 in Ice Magic
  9676 | Snake:2  | Killed Vashnia
  9682 | Snake:2  | Found Ephup's Book Emporium.
  9964 | Snake:3  | Reached XP level 19. HP: 142/150 MP: 35/36
 10018 | Snake:3  | Found Nauzoput's Book Emporium.
 10018 | Snake:3  | Found Appitole's Jewellery Boutique.
 10019 | Snake:3  | Found Wavvetro's Book Emporium.
 10024 | Snake:3  | Bought a book of Armaments for 468 gold pieces
 10064 | Snake:3  | HP: 5/150 [naga sharpshooter/arrow (20)]
 10145 | Snake:4  | Entered Level 4 of the Snake Pit
 10151 | Snake:4  | Noticed Nikola
 10157 | Snake:4  | Killed Nikola
 10158 | Snake:4  | Reached skill level 15 in Shields
 10222 | Snake:4  | Noticed Mara
 10230 | Snake:4  | Killed Mara
 10384 | Snake:4  | Reached skill level 15 in Earth Magic
 10507 | Snake:4  | Reached skill level 16 in Earth Magic
 10517 | Snake:4  | Got a serpentine rune of Zot
 10525 | Snake:4  | Identified the +0 robe of Eschest {Rampage Regen+ Int+6
                  | Dex-3}
 10914 | Snake:3  | Reached XP level 20. HP: 154/156 MP: 33/37
 10918 | Snake:3  | Reached skill level 17 in Earth Magic
 11061 | Snake:3  | Bought the amulet of Vutyblil {Fragile +Inv rElec rF+++
                  | Regen+} for 964 gold pieces
 11335 | Snake:1  | Learned a level 8 spell: Lehudib's Crystal Spear
 11485 | Elf:1    | Entered Level 1 of the Elven Halls
 11728 | Elf:1    | You fall into a shaft and drop 1 floor!
 11757 | Elf:2    | Identified 3 scrolls of acquirement
 11758 | Elf:2    | Acquired 994 gold pieces
 11760 | Elf:2    | Acquired 594 gold pieces
 11823 | Elf:1    | Noticed Donald
 11826 | Elf:1    | Killed Donald
 11904 | Elf:2    | Reached skill level 15 in Conjurations
 11922 | Elf:2    | Reached skill level 18 in Earth Magic
 11925 | Elf:2    | Found a runed translucent gate.
 11925 | Elf:2    | Found a runed translucent gate.
 11925 | Elf:2    | Found a runed translucent gate.
 11992 | Elf:3    | Entered Level 3 of the Elven Halls
 12077 | Elf:3    | Reached XP level 21. HP: 116/162 MP: 21/38
 12122 | Elf:3    | Identified the +4 ice dragon scales of Bopseefo {rF- rC++
                  | rCorr Dex+2}
 12138 | Elf:3    | Identified the ring "Loba" {Will+ rCorr Int+5}
 12160 | Elf:3    | Found the +4 Cigotuvi's embrace {rMiasma Drain rN+}
 12164 | Elf:3    | Identified the +0 robe "Rati" {Str+4}
 12189 | Elf:3    | Identified the ring "Ybbuoxecw" {rC++ Str+4 Int+2 Dex+6}
 12262 | Elf:3    | Identified the +1 scale mail of Sunlight {Regen+ Int+5
                  | Stlth-}
 12266 | Elf:3    | Got the Parchment of Bewitching Summoning
 12268 | Elf:3    | Got the Precepts of the Chill and Arcane Weapons
 12274 | Elf:3    | Identified the amulet of Ceul {-Cast rElec rN+++ Will++
                  | Regen+ Str-5}
 12509 | Elf:2    | Reached skill level 19 in Earth Magic
 12644 | Elf:2    | Acquired Decie's Papyrus of the Meteoric Chill
 12769 | Elf:1    | Noticed Agnes
 12775 | Elf:1    | Killed Agnes
 12820 | Elf:1    | Reached skill level 20 in Earth Magic
 12915 | Elf:1    | Learned a level 4 spell: Summon Lightning Spire
 13068 | Vaults:1 | Entered Level 1 of the Vaults
 13072 | Vaults:1 | Reached skill level 1 in Summonings
 13351 | Vaults:2 | Noticed Mennas
 13358 | Vaults:2 | Killed Mennas
 13359 | Vaults:2 | Reached skill level 21 in Earth Magic
 13362 | Vaults:2 | Reached XP level 22. HP: 170/170 MP: 13/39
 13458 | Vaults:2 | Noticed Xtahua
 13465 | Vaults:2 | Killed Xtahua
 13519 | Vaults:2 | Found a staircase to the Crypt.
 13990 | Vaults:5 | Entered Level 5 of the Vaults
 14015 | Vaults:4 | Reached skill level 22 in Earth Magic
 14183 | Vaults:5 | Noticed a dread lich
 14210 | Vaults:4 | Killed a dread lich
 14329 | Vaults:4 | Reached skill level 5 in Staves
 14340 | Vaults:5 | Reached skill level 15 in Armour
 14359 | Vaults:4 | Reached XP level 23. HP: 134/175 MP: 2/42
 14772 | Vaults:5 | Identified the +6 long sword of Untruth {venom, rF+ rN+
                  | Int+4 Stlth-}
 14804 | Vaults:5 | Identified the ring "Hil Syshyvu" {rF+ Will+ rCorr}
 14820 | Vaults:5 | Identified the +1 arbalest "Qizaju" {vorpal, rC+ Stlth+}
 14838 | Vaults:5 | Got the Grimoire of the Transmuted Wayfarer
 14863 | Vaults:5 | Identified the amulet "Acusoz" {Acrobat Str+4}
 14890 | Vaults:5 | Reached skill level 15 in Spellcasting
 15006 | Vaults:5 | Noticed an ancient lich
 15013 | Vaults:5 | Killed an ancient lich
 15028 | Vaults:5 | Got a silver rune of Zot
 15152 | Vaults:5 | Identified the +2 hand axe "Cuajofy" {vorpal, rC- rN+++
                  | Str-2}
 15162 | Vaults:5 | Identified the +2 glaive of Ymun {vamp, rElec}
 15166 | Vaults:5 | Reached skill level 23 in Earth Magic
 15177 | Vaults:5 | Noticed a dread lich
 15179 | Vaults:5 | Killed a dread lich
 15228 | Vaults:5 | Got the Quarto of Productive Vapour
 15235 | Vaults:5 | Got the Disquisition on the Iron Glacier
 15236 | Vaults:5 | Identified the +0 pair of boots of the Tortured God {Str+4}
 15247 | Vaults:5 | Learned a level 9 spell: Shatter
 15379 | Vaults:4 | Reached skill level 24 in Earth Magic
 15416 | Vaults:4 | Noticed Sojobo
 15418 | Vaults:4 | Reached XP level 24. HP: 172/182 MP: 29/43
 15418 | Vaults:4 | Killed Sojobo
 15744 | D:15     | Found a staircase to the Depths.
 15749 | Depths:1 | Entered Level 1 of the Depths
 15824 | Depths:1 | Reached skill level 25 in Earth Magic
 15856 | Depths:1 | Noticed a caustic shrike
 15860 | Depths:1 | Killed a caustic shrike
 16002 | Depths:1 | Reached skill level 26 in Earth Magic
 16046 | Depths:2 | Found a one-way gate leading to the halls of Pandemonium.
 16174 | Depths:3 | Found a gateway to Hell.
 16221 | Depths:3 | Noticed a juggernaut
 16229 | Depths:3 | Killed a juggernaut
 16253 | Depths:3 | Found a one-way gate to the infinite horrors of the Abyss.
 16281 | Depths:3 | Voluntarily entered the Abyss.
 16303 | Abyss:2  | Found a corrupted altar of Lugonu.
 16374 | Abyss:3  | Reached XP level 25. HP: 189/189 MP: 22/44
 16528 | Abyss:3  | Reached skill level 10 in Staves
 16556 | Abyss:3  | Reached skill level 15 in Fighting
 16863 | Abyss:3  | Got an abyssal rune of Zot
 16880 | Abyss:4  | Found a corrupted altar of Lugonu.
 16928 | Depths:3 | Escaped the Abyss
 16962 | Depths:4 | Entered Level 4 of the Depths
 16967 | Depths:4 | Noticed a juggernaut
 16972 | Depths:4 | Killed a juggernaut
 17076 | Depths:4 | Found a gate to the Realm of Zot.
 17119 | Zot:1    | Entered Level 1 of the Realm of Zot
 17280 | Zot:2    | Reached XP level 26. HP: 198/198 MP: 12/44
 17547 | Zot:4    | Noticed a curse toe
 17550 | Zot:4    | Killed a curse toe
 17932 | Slime:1  | Entered Level 1 of the Pits of Slime
 18023 | Slime:5  | Entered Level 5 of the Pits of Slime
 18080 | Slime:5  | Found the +7 mace of Variability {chain chaos}
 18083 | Slime:5  | Found a viscous altar of Jiyva.
 18083 | Slime:5  | Noticed the Royal Jelly
 18087 | Slime:5  | Reached skill level 27 in Earth Magic
 18089 | Slime:5  | Killed the Royal Jelly
 18105 | Slime:5  | Reached XP level 27. HP: 185/204 MP: 11/44
 18138 | Slime:5  | Identified the +1 pair of gloves of the Monkey {Will++}
 18168 | Slime:5  | Got a slimy rune of Zot
 18527 | Depths:2 | Learned a level 2 spell: Sublimation of Blood
 18528 | Pan      | Entered the realm of Gloorx Vloq.
 18528 | Pan      | Entered Pandemonium
 18634 | Pan      | Noticed Gloorx Vloq
 18647 | Pan      | HP: 12/294 [Gloorx Vloq (12)]
 18650 | Pan      | Slain by Gloorx Vloq

Illustrated notes

Levels and vault maps discovered:
D:1:      minmay_arrival_shattered_statue, layout_rooms
D:2:      layout_loops_ring, ebering_ecumenical_altar_sacrificial
D:3:      layout_basic, mainiacjoe_overflow_tiny_flanked, st_stairs_8,
          minivault_23, chequers_serial_rivers_micro_a,
          minmay_misc_feat_pillars, chequers_serial_rivers_micro_b
D:4:      layout_basic, kennysheep_vampire_church, zin_purify,
          mainiacjoe_overflow_six_doors_small, minmay_temple_entry_poolview,
          nicolae_ossuary_entry_false_entrances, minmay_fire_ice_demons,
          uniq_blork_the_orc
D:5:      layout_loops_cross, minivault_5, kennysheep_diamond
D:6:      layout_loops_ring, overflow_temple_1_default,
          lemuel_coloured_pillars_altar
D:7:      layout_gridville
D:8:      layout_basic, lightli_bailey_entry_fortress, serial_shops,
          nicolae_shop_crystal, grunt_ministairs_10
D:9:      layout_stronghold, lemuel_tele_altar, mainiacjoe_overflow_swirl,
          hiddenorc2_lemuel, serial_shops, nicolae_shop_advertising_works
          [nicolae_subvault_shop_adworks]
D:10:     layout_stronghold, minitemple
D:11:     layout_long_grid, minmay_lair_entry_lava, serial_shops,
          nicolae_diamond_shop, evilmike_minifort
D:12:     layout_rooms
D:13:     layout_cave_pools, david_vaults_4, gammafunk_ghost_cemetery,
          minmay_shattered_shrine, uniq_azrael
D:14:     layout_irregular_city, nzn_hepliaklqana_mist_gate,
          evilmike_ruin_ashenzari
D:15:     hangedman_depths_entry_civil_slaughter, layout_rooms
Temple:   jpeg_temple_island
Lair:1:   minmay_lair_oklob_tunnel, layout_chaotic_city
Lair:2:   layout_cellular_growth, minmay_swamp_entry_reptiles
Lair:3:   layout_cellular_growth, guppyfry_snake_entry_garden,
          serial_bayou_crossing, serial_bayou_shore_b, serial_bayou_shore_b,
          grunt_megastairs_5, uniq_kirke
Lair:4:   layout_regular_city, ebering_ghost_inner_flame, nicolae_lair_lindhole,
          grunt_megastairs_2
Lair:5:   gammafunk_lair_ancient_temple, layout_gridlike, slime_entry_1,
          dreamdust_gnoll_shepherd
Swamp:1:  layout_basic_swamp, evilmike_swamp_ruin_wall, swamp_pool1,
          nicolae_swamp_small_spring, uniq_aizul
Swamp:2:  layout_basic_swamp, infiniplex_staircase_pool, swamp_pool3
Swamp:3:  layout_basic_swamp, hangedman_swamp_diagram
Swamp:4:  byrel_swamp_growth_death_and_undeath, layout_basic_swamp, swamp_pool1,
          statue_in_the_mist_lemuel
Snake:1:  layout_honeycomb
Snake:2:  layout_cave_shapes, serial_shops, shop, nicolae_square_shop,
          uniq_vashnia
Snake:3:  layout_cave_pods, serial_bayou_shore_a, minmay_shop_grove,
          lemuel_fruit_tree
Snake:4:  snake_pit_salamanders_mu, layout_cave_town, uniq_mara, uniq_nikola
Slime:1:  layout_caves
Slime:2:  layout_caves, nicolae_slime_phagocytosis
Slime:3:  layout_caves
Slime:4:  layout_caves
Slime:5
Orc:1:    emtedronai_trogs_sanctum, layout_caves
Orc:2:    grunt_orc_community_town_hall, layout_diamond_mine,
          grunt_orc_community_big_house_2, grunt_orc_community_big_house_1,
          grunt_orc_community_house_3, grunt_orc_community_house_1,
          grunt_orc_community_house_3, grunt_orc_community_house_1,
          grunt_orc_community_house_3, basic_altar, serial_shops, shop
Elf:1:    minmay_elf_arrival_plus, layout_geoelf_octagon,
          hangedman_elven_crosses_minicolossus, uniq_donald, uniq_agnes
Elf:2:    nicolae_elf_blades_splatter_lattice
          [nicolae_blade_entry_crossed_weapons], layout_geoelf_grid,
          serial_sigils, serial_sigils_hangedman_scratch,
          serial_sigils_hangedman_clutch, serial_sigils_hangedman_gnaw,
          serial_sigils_hangedman_writhe, serial_sigils_hangedman_snap
Elf:3:    minmay_elf_hall_not_hex, layout_geoelf_grid
Vaults:1: v_misc_2, hangedman_vaults_impose, nicolae_vaults_little_squares_5,
          nicolae_vaults_windows_and_doors_thing, vaults_room_door_hall,
          grunt_vaults_funnel, nicolae_vaults_yaktaur_gun_rack,
          ontoclasm_vaults_idyll, vaults_mumra_hexcomb,
          ontoclasm_vaults_claustrophobia, vaults_room_hallway,
          layout_vaults_ring
Vaults:2: minmay_crypt_entry_simple_statues, nicolae_vaults_angled_halls,
          v_pattern_4, grunt_vaults_hallway_short, vaults_dpeg_encased_lava,
          vaults_dpeg_emergency_exit, vaults_standard_mumra_enter_the_diamond,
          grunt_vaults_hallway_short, v_misc_24, layout_vaults_omnigrid,
          uniq_mennas, uniq_xtahua, uniq_zenata
Vaults:3: nicolae_vaults_little_squares_2, v_rooms_5, v_misc_23,
          st_greater_box_2, ontoclasm_vaults_ring_small,
          nicolae_vaults_twisting_passages, ontoclasm_vaults_pinch, v_misc_27,
          nicolae_vaults_rhombus_6, ontoclasm_vaults_ligature,
          nicolae_vaults_little_squares_4, nicolae_vaults_little_squares_2,
          vaults_dpeg_ring, vaults_room_door_hall,
          ontoclasm_vaults_loading_screen, v_misc_12, layout_vaults_maze_snakey
Vaults:4: v_rooms_4, vaults_room_semicircle, vaults_standard_mumra_x, v_misc_19,
          nicolae_vaults_inception_statues, nicolae_vaults_little_ls,
          nicolae_vaults_rhombus_6, vaults_room_corners,
          nicolae_vaults_mini_display_case, layout_vaults_chaotic_city,
          uniq_saint_roka, uniq_sojobo
Vaults:5
Depths:1: minmay_quantized_circle, layout_gridlike, hell_entry,
          tgw_lugonu_bribe, serial_bayou_shore_b
Depths:2: gammafunk_corrupted_shrine, layout_basic, grunt_hell_entry_dis_old,
          minmay_misc_feat_four_crosses, pan_entry,
          hangedman_cracks_in_the_wall, infiniplex_staircase_x
Depths:3: minmay_roctagon, layout_cross, serial_column_ruins,
          column_ruins_open_medium, column_ruins_open_tiny,
          column_ruins_columns_straight, okawaru_ov_weapons_minmay, hell_entry,
          abyss_entry
Depths:4: evilmike_zot_entry_argh, layout_cave_shapes, enter_ziggurat_b,
          glass_columns_a, abyss_entry, hell_entry, st_stairs_13,
          columned_hall_lemuel
Zot:1:    layout_concentric_octagons, zot_minivault_5, grunt_megastairs_3
Zot:2:    layout_twisted_circle, lemuel_golem_globe, uniq_josephina
Zot:3:    lemuel_halls_of_wrath, layout_misc_corridors,
          ebering_ghost_disaster_area
Zot:4:    hangedman_orp_of_zott, layout_twisted_circle
Pan:      gloorx_vloq_st, layout_long_grid

Skill      XL: |  1  2  3  4  5  6  7  8  9 10 11 12 13 14 15 16 17 18 19 20 21 22 23 24 25 26 27 |
---------------+----------------------------------------------------------------------------------+-----
Fighting       | 2 3 5 6 7 9 10 11 12 13 14 15 | 15.0
Earth Magic    | 4 5 6 7 8 10 11 12 14 16 18 21 22 24 26 27 | 27.0
Staves         | 1 2 3 4 5 8 9 10 | 10.0
Armour         | 1 2 4 5 6 8 10 11 13 15 | 15.0
Evocations     | 1 2 3 4 5 6 |  6.0
Spellcasting   | 3 4 5 7 8 10 11 12 14 15 16 | 16.0
Transmutations | 2 |  2.0
Dodging        | 3 4 5 6 8 10 12 14 15 19 20 | 20.0
Conjurations   | 1 2 3 4 7 9 10 11 14 17 18 | 18.0
Invocations    | 2 3 4 5 6 |  6.0
Shields        | 7 10 11 12 14 15 17 19 | 19.6
Ice Magic      | 3 4 5 |  5.0
Air Magic      | 5 6 |  6.0
Translocations | 1 |  1.0
Necromancy     | 4 |  4.0
Summonings     | 2 |  2.0
Stealth        | |  1.4

Action                   |  1- 3 |  4- 6 |  7- 9 | 10-12 | 13-15 | 16-18 | 19-21 | 22-24 | 25-27 || total
-------------------------+-------+-------+-------+-------+-------+-------+-------+-------+-------++-------
Melee: Unarmed           |     1 |       |       |       |       |       |       |       |       ||     1
       Staff             |       |     1 |     5 |     5 |     7 |    10 |    16 |    84 |   122 ||   250
       Dagger            |       |       |     1 |     2 |     3 |       |       |       |       ||     6
Throw: Dart              |       |       |       |     1 |     3 |     3 |     4 |       |       ||    11
 Cast: Sandblast         |    40 |    55 |   150 |   141 |    32 |    78 |    31 |    18 |    15 ||   560
       Passwall          |       |       |     2 |    16 |     7 |     1 |    17 |     3 |     2 ||    48
       Stone Arrow       |       |       |     7 |    58 |    97 |   177 |    72 |    21 |     4 ||   436
       Lee's Rapid Decon |       |       |       |    13 |   139 |    43 |   123 |   149 |   157 ||   624
       Petrify           |       |       |       |     4 |    18 |     6 |       |       |       ||    28
       Freezing Cloud    |       |       |       |       |     9 |    36 |    16 |    15 |     6 ||    82
       Borgnjor's Vile C |       |       |       |       |       |    31 |    54 |    57 |    29 ||   171
       Blink             |       |       |       |       |       |     2 |     1 |     5 |     2 ||    10
       Summon Lightning  |       |       |       |       |       |       |     1 |     4 |       ||     5
       Lehudib's Crystal |       |       |       |       |       |       |       |     6 |    23 ||    29
       Shatter           |       |       |       |       |       |       |       |     2 |    15 ||    17
       Sublimation of Bl |       |       |       |       |       |       |       |       |     6 ||     6
Invok: Recall Ancestor   |       |       |       |     4 |    11 |     6 |     5 |     3 |     3 ||    32
       Ancestor Life: Ba |       |       |       |     1 |       |       |       |       |       ||     1
       Idealise          |       |       |       |       |     5 |     6 |     3 |     1 |     3 ||    18
       Transference      |       |       |       |       |     1 |       |       |     2 |     1 ||     4
Evoke: Wand              |       |       |       |     5 |       |    17 |       |     4 |       ||    26
       Phantom mirror    |       |       |       |       |       |       |       |     1 |     1 ||     2
       Condenser vane    |       |       |       |       |       |       |       |     1 |       ||     1
  Use: Scroll            |       |       |       |    14 |     9 |    12 |     7 |     1 |     3 ||    46
       Potion            |       |       |       |     1 |     5 |     6 |     7 |     1 |     8 ||    28
 Stab: Petrified         |       |       |       |     2 |     3 |       |       |       |       ||     5
       Confused          |       |       |       |       |       |       |       |     1 |       ||     1
       Distracted        |       |       |       |       |       |       |       |     1 |     2 ||     3
Armor: Robe              |     6 |       |       |       |    12 |    14 |       |       |       ||    32
       Leather armour    |       |    12 |    33 |    83 |    58 |       |       |    84 |    68 ||   338
       Swamp dragon scal |       |       |       |       |       |    58 |    30 |     3 |       ||    91
       Skin              |       |       |       |       |       |       |       |       |    36 ||    36
Dodge: Dodged            |    20 |    20 |    45 |   100 |   117 |   118 |    60 |   161 |   162 ||   803
Block: Buckler           |       |       |       |       |    23 |    41 |       |       |       ||    64
       Kite shield       |       |       |       |       |       |    56 |    75 |   179 |   171 ||   481
